 Dungeon Crawl Stone Soup version 0.30-a0-743-gbfdf073431 (webtiles) character file.

Game seed: 16391653710211802561

332 Lavandula the Slasher (level 6, -3/47 HPs)
             Began as a Human Monk on Feb 7, 2023.
             Killed by divine providence
             ... invoked by an orc priest
              (14 damage)
             ... on level 5 of the Dungeon.
             The game lasted 00:06:04 (2984 turns).

Lavandula the Slasher (Human Monk)                  Turns: 2984, Time: 00:06:05

Health: -3/47      AC:  8    Str: 13    XL:     6   Next: 82%
Magic:  15/15      EV: 12    Int: 15    God:
Gold:   26         SH:  0    Dex: 16    Spells: 5/5 levels left

rFire   . . .      SeeInvis .    a - +0 falchion
rCold   . . .      Faith    .    (no shield)
rNeg    . . .      Spirit   .    c - +0 leather armour
rPois   .          Reflect  .    (no helmet)
rElec   .          Harm     .    s - +0 cloak
rCorr   .          Rampage  .    d - +0 pair of gloves "Jeckiuma" {MP+9 Int+5}
Will    .....                    j - +2 pair of boots
Stlth   ++                       (no amulet)
HPRegen 0.27/turn                (no ring)
MPRegen 0.14/turn                (no ring)

@: no status effects
A: no striking features
a: no special abilities


You were on level 5 of the Dungeon.
You visited 1 branch of the dungeon, and saw 5 of its levels.

You collected 113 gold pieces.
You spent 87 gold pieces at shops.

Inventory:

Hand Weapons
 a - a +0 falchion (weapon)
Missiles
 r - 5 poisoned darts (quivered)
Armour
 b - a +0 robe
 c - a +0 leather armour (worn)
 d - the +0 pair of gloves "Jeckiuma" (worn) {MP+9 Int+5}
   (You found it on level 4 of the Dungeon)

   Int:       It affects your intelligence (+5).
   MP:        It affects your magic capacity (+9).
 j - a +2 pair of boots (worn)
 s - a +0 cloak (worn)
Scrolls
 h - a scroll of magic mapping
 i - 3 scrolls of teleportation {unknown}
 k - a scroll of poison
 p - a scroll of brand weapon {unknown}
Potions
 e - a potion of curing {unknown}
 f - a potion of flight {unknown}
 l - a potion of resistance
 m - 2 potions of attraction {unknown}
 n - a potion of brilliance {unknown}
 o - 3 potions of mutation {unknown}
 q - 2 potions of haste {unknown}


   Skills:
 - Level 3.0 Fighting
 + Level 7.1 Long Blades
 - Level 3.0 Dodging
 - Level 2.0 Stealth


You had 5 spell levels left.
You didn't know any spells.
Your spell library was empty.

Dungeon Overview and Level Annotations

Branches:
Dungeon (5/15)
 Temple: D:4-7

Altars:
Kikubaaqudgha
Qazlal
Yredelemnul

Shops:
D:3 *

Annotations:
D:2 Sigmund
D:5 Grinder


Message History

Reactivating autopickup.
Found a scroll of poison and 13 gold pieces.
Found an escape hatch in the floor.
There is a stone staircase leading up here.
You barely miss the orc priest.
The orc priest hits you but does no damage.
The orc hits you with a +0 war axe.
The orc priest hits you but does no damage.
The orc hits you but does no damage.
The orc priest attacks as you move away!
The orc priest barely misses you.
The orc priest begins to cast a cantrip, but forgets the words!
Found a sedimented purple potion.
The orc attacks as you move away! The orc closely misses you.
Found a leather armour.
Found a dagger.
Grinder blinks!
You see here a +0 leather armour.
The orc attacks as you move away! The orc misses you.
The orc attacks as you move away! The orc barely misses you.
Okay, then.
Found 3 stones.
You closely miss the orc. You closely miss the orc.
The orc hits you with a +0 war axe.
You closely miss the orc priest. You punch the orc priest.
The orc priest is moderately wounded.
The orc barely misses you.
The orc priest hits you but does no damage.
You completely miss the orc priest. Your punch misses the orc priest.
The orc priest is moderately wounded.
The orc hits you but does no damage. The orc priest hits you with a +0 club.
You slash the orc priest!
The orc priest is almost dead.
You hit the orc priest but do no damage.
The orc priest is almost dead.
The orc hits you with a +0 war axe!
* * * LOW HITPOINT WARNING * * *
The orc priest calls down the wrath of Beogh upon you.
Beogh smites you!
You die...

..!..)#.#.......###
......#.#.#.......#
..........?<......+
####.#o#.#..$....#
#.#.........###
#[#######.....#
#...o.........#
.#######o......#
.......@o......+
.#######.......#
#.......# #.(.....#
#.......# #.....###
#######


You could see an orc priest and an orc.

Vanquished Creatures
  A black bear (D:4)
  A gnoll bouda (D:4)
  An iguana (D:4)
  5 gnolls
  6 adders
  A dart slug (D:4)
  8 orcs
  2 endoplasms
  2 giant cockroaches
  9 goblins
  6 hobgoblins
  A quokka (D:1)
  6 ball pythons
  7 bats
  10 frilled lizards (D:1)
  7 kobolds
  7 rats
  A spectral orc (D:3)
81 creatures vanquished.

Vanquished Creatures (others)
  7 plants (D:1)
7 creatures vanquished.

Grand Total: 88 creatures vanquished

Notes
Turn   | Place    | Note
-------+----------+-------------------------------------------
     0 | D:1      | Lavandula the Human Monk began the quest for the Orb.
     0 | D:1      | Reached XP level 1. HP: 18/18 MP: 1/1
    85 | D:1      | Reached XP level 2. HP: 24/24 MP: 2/2
   241 | D:1      | Reached skill level 4 in Long Blades
   241 | D:1      | Reached XP level 3. HP: 18/29 MP: 3/3
   921 | D:1      | Found a faded altar of an unknown god.
  1199 | D:2      | Noticed Sigmund
  1537 | D:3      | Reached XP level 4. HP: 29/35 MP: 4/4
  1816 | D:3      | Found a basalt altar of Yredelemnul.
  2085 | D:3      | Found Jirghud's Assorted Antiques.
  2094 | D:3      | Bought a scroll labelled SAUNIB NAUTE for 30 gold pieces
  2094 | D:3      | Bought a scroll labelled MUNNORA XIOCVUL for 30 gold pieces
  2094 | D:3      | Bought a lumpy blue potion for 27 gold pieces
  2129 | D:4      | Noticed a black bear
  2142 | D:4      | Killed a black bear
  2143 | D:4      | Reached skill level 5 in Long Blades
  2143 | D:4      | Reached XP level 5. HP: 10/41 MP: 5/5
  2166 | D:3      | HP: 2/41 [poisoned by an adder]
  2176 | D:3      | Reached skill level 6 in Long Blades
  2430 | D:3      | Reached XP level 6. HP: 46/47 MP: 6/6
  2445 | D:4      | Identified the +0 pair of gloves "Jeckiuma" {MP+9 Int+5}
  2479 | D:4      | Found a stormy altar of Qazlal.
  2851 | D:4      | Reached skill level 7 in Long Blades
  2936 | D:4      | Found an ancient bone altar of Kikubaaqudgha.
  2963 | D:5      | Entered Level 5 of the Dungeon
  2963 | D:5      | Noticed Grinder
  2984 | D:5      | Killed from afar by an orc priest

Illustrated notes

Levels and vault maps discovered:
D:1:      dpeg_arrival_fog, layout_basic, shapermc_ecumenical_altar_hornbeckon,
          ebering_dispersal_statue_hall, minmay_lizard_king
D:2:      layout_basic, uniq_sigmund
D:3:      layout_loops_ring, yredelemnul_forgotten_temple_becter, serial_shops,
          nicolae_lakefront_shop
D:4:      layout_cave_pools, okawaru_metal_pillars_1_2,
          mainiacjoe_overflow_tiny_flanked, cheibrodos_ashenzari_chains,
          general_overflow_altar
D:5:      layout_basic, dreamdust_divine_triumvirate, lemuel_crystal_altar,
          chequers_serial_rivers_small_b, corexii_checkpoint_a,
          nicolae_concentric_dashed_squares_mild, uniq_edmund, uniq_grinder

Skill      XL: |  1  2  3  4  5  6 |
---------------+-------------------+-----
Long Blades    | 4 5 6 7 |  7.1
Fighting       | |  3.0
Dodging        | |  3.0
Stealth        | |  2.0

Action                     |  1- 3 |  4- 6 || total
---------------------------+-------+-------++-------
  Melee: Falchion          |   115 |   139 ||   254
         Punch             |     1 |     4 ||     5
  Throw: Dart              |       |     6 ||     6
    Use: Scroll            |       |     3 ||     3
         Potion            |       |     5 ||     5
   Stab: Sleeping          |     3 |     2 ||     5
 Armour: Robe              |    26 |     7 ||    33
         Leather armour    |       |    26 ||    26
  Dodge: Dodged            |    86 |   121 ||   207

Table legend: (Time is in decaauts)
 A = Elapsed time spent in this place.
 B = Non-inter-level travel time spent in this place.
 C = Inter-level travel time spent in this place.
 D = Time resting spent in this place.
 E = Time spent auto-exploring this place.
 F = Levels seen in this place.
 G = Mean time per level.
                   A        B        C        D        E       F      G
               +--------+--------+--------+--------+--------+-----+--------+
         Total |   3020 |   2871 |    149 |    313 |   1793 |   5 |  604.0 |
       Dungeon |   3020 |   2871 |    149 |    313 |   1793 |   5 |  604.0 |
               +--------+--------+--------+--------+--------+-----+--------+

Top non-repeatable levels by time:
     D:1: 1151 daAuts
     D:3: 954 daAuts
     D:4: 658 daAuts
     D:2: 236 daAuts
     D:5: 20 daAuts
